 Dungeon Crawl Stone Soup version 0.31-a0-1626-g5cb510d322 (webtiles) character file.

Game seed: 3815316077992175676

1224 wildpjah the Spear-Bearer (level 8, -1/71 HPs)
             Began as a Hill Orc Monk on Jan 13, 2024.
             Was a Believer of Beogh.
             Killed from afar by a steam dragon (19 damage)
             ... with a ball of steam
             ... on level 6 of the Dungeon.
             The game lasted 00:09:48 (4448 turns).

wildpjah the Spear-Bearer (Hill Orc Monk)           Turns: 4448, Time: 00:09:48

Health: -1/71      AC: 10    Str: 16    XL:     8   Next: 47%
Magic:  10/10      EV:  8    Int: 10    God:    Beogh [**....]
Gold:   251        SH:  0    Dex: 13    Spells: 7/7 levels left

rFire   . . .        i - +0 spear (heavy)
rCold   . . .        d - orb {light}
rNeg    . . .        C - +0 chain mail
rPois   .            (no helmet)
rElec   .            (no cloak)
rCorr   .            (no gloves)
SInv    .            z - +0 pair of boots
Will    .....        y - amulet of the acrobat Stlth
                     (no ring)
HPRegen 0.31/turn    (no ring)
MPRegen 0.12/turn

%: acrobat
@: glowing
A: no striking features
a: Renounce Religion, Smiting


You were on level 6 of the Dungeon.
You worshipped Beogh.
Beogh was pleased with you.
You visited 2 branches of the dungeon, and saw 7 of its levels.

You collected 251 gold pieces.

Inventory:

Hand Weapons
 a - a +0 spear
 i - a +0 heavy spear (weapon)
Missiles
 j - 11 boomerangs
 m - 2 poisoned darts
 F - 6 javelins
Armour
 b - a +0 robe
 d - an orb of light (worn)
 k - a +0 ring mail
 z - a +0 pair of boots (worn)
 C - a +0 chain mail (worn)
Jewellery
 y - an amulet of the acrobat (around neck)
Wands
 A - a wand of roots (9) (quivered)
Scrolls
 e - a scroll of fog {unknown}
 f - a scroll of revelation {unknown}
 l - 2 scrolls of enchant armour {unknown}
 p - a scroll of acquirement {unknown}
 s - 2 scrolls of blinking {unknown}
 t - a scroll of enchant weapon {unknown}
 u - a scroll of teleportation {unknown}
 v - a scroll of fear {unknown}
 x - 3 scrolls of identify {unknown}
 B - a scroll of torment {unknown}
 D - a scroll of amnesia {unknown}
 E - a scroll of immolation {unknown}
Potions
 c - 2 potions of ambrosia
 g - a potion of magic {unknown}
 h - a potion of brilliance {unknown}
 n - 5 potions of lignification
 o - 3 potions of curing {unknown}
 q - a potion of cancellation {unknown}
 r - 2 potions of degeneration {unknown}
 w - a potion of enlightenment {unknown}


   Skills:
 + Level 6.4 Fighting
 + Level 8.2 Polearms
 + Level 1.1 Throwing
 + Level 3.0 Armour
 + Level 3.4 Dodging
 + Level 1.0 Stealth
 * Level 2.9 Invocations
 + Level 0.3 Evocations


You had 7 spell levels left.
You didn't know any spells.
Your spell library contained the following spells:

 Spells                   Type           Power      Damage    Failure   Level
 Ensorcelled Hibernation  Hex/Ice        0%         N/A       100%        2
 Scorch                   Fire           0%         2d5       100%        2
 Dazzling Flash           Conj/Hex       0%         N/A       100%        3
 Frozen Ramparts          Ice            0%         1d1       100%        3
 Mephitic Cloud           Conj/Alch/Air  0%         N/A       100%        3
 Passwall                 Erth           0%         N/A       100%        3
 Stone Arrow              Conj/Erth      0%         3d7       100%        3
 Swiftness                Air            0%         N/A       100%        3
 Animate Armour           Summ/Erth      0%         N/A       100%        4
 Flame Wave               Conj/Fire      0%         2d4       100%        4
 Martyr's Knell           Necr/Summ      0%         N/A       100%        4
 Summon Lightning Spire   Summ/Air       0%         N/A       100%        4
 Curse of Agony           Necr           0%         N/A       100%        5
 Lee's Rapid Deconstruct  Erth           0%         3d4*      100%        5
 Silence                  Hex/Air        0%         N/A       100%        5
 Death Channel            Necr           0%         N/A       100%        6
 Summon Cactus Giant      Summ           0%         N/A       100%        6
 Ozocubu's Refrigeration  Ice            0%         4d7       100%        7
 Lehudib's Crystal Spear  Conj/Erth      0%         10d2      100%        8


Dungeon Overview and Level Annotations

Branches:
Dungeon (6/15)             Temple (1/1) D:5

Altars:
Ashenzari
Dithmenos
Fedhas
Gozag
Hepliaklqana
Makhleb
Nemelex Xobeh
Qazlal
Sif Muna
Trog
Vehumet
Xom
Zin

Shops:
D:5 *

Annotations:
D:5 Menkaure


Message History

The phantom is heavily damaged.
The phantom completely misses you.
You hit the phantom.
The phantom is heavily damaged.
The phantom hits you.
The phantom blinks!
You blink.
The steam dragon closely misses you. x2
You hit the phantom.
The phantom is severely damaged.
The phantom barely misses you. The steam dragon bites you!
The steam dragon claws you but does no damage.
You puncture the phantom!
You destroy the phantom!
Beogh accepts your kill. The steam dragon breathes steam at you.
The ball of steam hits you!
* * * LOW HITPOINT WARNING * * *
Your Armour skill increases to level 3!
The steam dragon closely misses you. The steam dragon misses you.
You hit the steam dragon.
The steam dragon is lightly wounded.
The steam dragon barely misses you.
The steam dragon claws you but does no damage.
You hit the steam dragon but do no damage.
The steam dragon is lightly wounded.
The steam dragon barely misses you.
The steam dragon claws you but does no damage.
You puncture the steam dragon!
The steam dragon is moderately wounded.
The steam dragon bites you.
* * * LOW HITPOINT WARNING * * *
The steam dragon claws you but does no damage.
You hit the steam dragon but do no damage.
The steam dragon is moderately wounded.
The steam dragon barely misses you.
The steam dragon claws you but does no damage.
You puncture the steam dragon!
The steam dragon is severely wounded.
The steam dragon breathes steam at you. The ball of steam hits you!!
You die...

#...# ##...#
#....#
+....#....#
....#....#
....#....#
#...##...#
###...##D@.#
#..........#
#..........#
#...<......#
#..........#
#..........#
#.######...#
#? #...# .
.#


You could see a steam dragon (catching breath).

Vanquished Creatures
  Sigmund (D:2)
  3 water moccasins (D:5)
  2 ogres
  A phantom (D:6)
  2 scorpions (D:5)
  A bombardier beetle (D:5)
  A hound (D:4)
  A jelly (D:3)
  An orc priest (D:5)
  3 iguanas (D:5)
  A sleepcap (D:5)
  4 gnolls (D:2)
  5 adders
  3 dart slugs
  2 ribbon worms
  8 orcs
  8 ball pythons
  5 endoplasms
  A giant cockroach (D:1)
  7 goblins
  4 hobgoblins
  2 jackals (D:1)
  8 kobolds
  3 quokkas
  6 bats
  A frilled lizard (D:2)
  A rat (D:1)
85 creatures vanquished.

Notes
Turn   | Place    | Note
-------+----------+-------------------------------------------
     0 | D:1      | wildpjah the Hill Orc Monk began the quest for the Orb.
     0 | D:1      | Reached XP level 1. HP: 19/19 MP: 1/1
   130 | D:1      | Reached XP level 2. HP: 26/27 MP: 2/2
   374 | D:1      | Reached XP level 3. HP: 29/33 MP: 3/3
   879 | D:1      | Reached skill level 4 in Polearms
   901 | D:2      | Noticed Sigmund
   931 | D:2      | Killed Sigmund
   932 | D:2      | Reached skill level 5 in Polearms
   932 | D:2      | Reached XP level 4. HP: 25/41 MP: 4/4
   932 | D:2      | Reached XP level 5. HP: 28/47 MP: 5/5
  1069 | D:2      | Reached skill level 5 in Fighting
  1088 | D:2      | Reached XP level 6. HP: 28/56 MP: 6/6
  1396 | D:2      | Got the Compendium of Ghastly Freezing
  1523 | D:2      | Found a faded altar of an unknown god.
  2017 | D:3      | Found a shimmering altar of Xom.
  2195 | D:3      | Reached skill level 6 in Polearms
  2364 | D:4      | Reached skill level 1 in Throwing
  2657 | D:4      | Reached XP level 7. HP: 61/61 MP: 7/7
  3087 | D:5      | Entered Level 5 of the Dungeon
  3144 | D:5      | Found a staircase to the Ecumenical Temple.
  3145 | D:5      | Became a worshipper of Beogh the Brigand
  3145 | D:5      | Reached * piety under Beogh
  3145 | D:5      | Reached ** piety under Beogh
  3160 | Temple   | Entered the Ecumenical Temple
  3190 | D:5      | Reached skill level 7 in Polearms
  3463 | D:5      | Reached skill level 1 in Armour
  3633 | D:5      | Noticed Menkaure
  3730 | D:5      | Reached skill level 1 in Stealth
  3730 | D:5      | Reached skill level 1 in Invocations
  3889 | D:5      | Found Omototi's Serpentskin Sales.
  3908 | D:5      | Reached XP level 8. HP: 22/70 MP: 7/9
  3923 | D:5      | Reached skill level 8 in Polearms
  4448 | D:6      | Killed from afar by a steam dragon

Illustrated notes

Levels and vault maps discovered:
D:1:      dpeg_arrival_long_road, layout_loops_ring
D:2:      layout_loops_ring, shapermc_ecumenical_altar_petra, uniq_sigmund
D:3:      layout_rooms, xom_teletrap_fun
D:4:      layout_loops_cross
D:5:      layout_layer_cave, minmay_temple_entry_proselytizer,
          guppyfry_shop_venom, uniq_menkaure
D:6:      black_bear_nest_2, layout_gridville, serial_park_tiny_pond,
          serial_bayou_pond_e, billiards_dpeg
Temple:   nicolae_temple_godzebo

Skill      XL: |  1  2  3  4  5  6  7  8 |
---------------+-------------------------+-----
Fighting       | 4 5 6 |  6.4
Polearms       | 5 6 7 8 |  8.2
Dodging        | 3 |  3.4
Throwing       | 1 |  1.1
Armour         | 2 3 |  3.0
Stealth        | 1 |  1.0
Invocations    | 1 2 |  2.9
Evocations     | |  0.3

Action                     |  1- 3 |  4- 6 |  7- 9 || total
---------------------------+-------+-------+-------++-------
  Melee: Spear             |    99 |    92 |   113 ||   304
  Throw: Dart              |     3 |     2 |       ||     5
         Boomerang         |     3 |       |       ||     3
 Invoke: Convert to Beogh  |       |       |     1 ||     1
  Evoke: Wand              |       |       |     3 ||     3
    Use: Potion            |       |       |     1 ||     1
 Armour: Robe              |    41 |    28 |       ||    69
         Chain mail        |       |       |    67 ||    67
         Skin              |       |       |    29 ||    29
  Dodge: Dodged            |    49 |    33 |    36 ||   118

Table legend: (Time is in decaauts)
 A = Elapsed time spent in this place.
 B = Non-inter-level travel time spent in this place.
 C = Inter-level travel time spent in this place.
 D = Time resting spent in this place.
 E = Time spent auto-exploring this place.
 F = Levels seen in this place.
 G = Mean time per level.
                   A        B        C        D        E       F      G
               +--------+--------+--------+--------+--------+-----+--------+
         Total |   4461 |   4359 |    102 |      3 |   3642 |   7 |  637.3 |
       Dungeon |   4455 |   4353 |    102 |      3 |   3638 |   6 |  742.5 |
        Temple |      5 |      5 |      0 |      0 |      4 |   1 |    5.0 |
               +--------+--------+--------+--------+--------+-----+--------+

Top non-repeatable levels by time:
     D:5: 1352 daAuts
     D:2: 939 daAuts
     D:1: 900 daAuts
     D:4: 745 daAuts
     D:3: 505 daAuts
     D:6: 11 daAuts
  Temple: 5 daAuts
